 Dungeon Crawl Stone Soup version 0.22-a0-609-gfedc9ff (webtiles) character file.

318 digijack the Cudgeler (level 6, -7/39 HPs)
             Began as a Gargoyle Gladiator on July 10, 2018.
             Mangled by an ogre
             ... wielding a +0 giant club
              (24 damage)
             ... on level 3 of the Dungeon.
             The game lasted 00:15:58 (2899 turns).

digijack the Cudgeler (Gargoyle Gladiator)          Turns: 2899, Time: 00:15:59

Health: -7/39      AC: 10    Str: 19    XL:     6   Next: 45%
Magic:  6/6        EV: 12    Int: 11    God:
Gold:   207        SH:  0    Dex: 15    Spells: 5/5 levels left

rFire    . . .     SeeInvis .   a - +1 flail
rCold    . . .     Gourm    .   (no shield)
rNeg     + . .     Faith    .   b - +0 leather armour
rPois    ∞         Spirit   .   c - +1 helmet
rElec    +         Reflect  .   (no cloak)
rCorr    .         Harm     .   (no gloves)
MR       .....                  (no boots)
Stlth    +.........             (no amulet)
HPRegen  0.13/turn              j - ring of flight
MPRegen  0.10/turn              (no ring)

@: no status effects
A: agile 2, clever 1, negative energy resistance 1, electricity resistance,
unbreathing, petrification resistance, rot immunity, AC +4
a: Evoke Flight


You were on level 3 of the Dungeon.
You were not hungry.

You visited 1 branch of the dungeon, and saw 3 of its levels.

You collected 207 gold pieces.

Inventory:

Hand Weapons
 a - a +1 flail (weapon)
Missiles
 m - 124 stones (quivered)
Armour
 b - a +0 leather armour (worn)
 c - a +1 helmet (worn)
Jewellery
 j - a ring of flight (left hand)
Scrolls
 e - 4 scrolls of identify
 h - a scroll of fear
 i - 2 scrolls of remove curse
 k - a scroll of magic mapping
 n - a scroll of teleportation
Potions
 g - a potion of heal wounds
 l - a potion of brilliance
Comestibles
 d - 7 chunks of flesh
 f - 3 rations


   Skills:
 + Level 4.5 Fighting
 + Level 4.7 Maces & Flails
 - Level 1.7 Throwing
 + Level 3.7 Armour
 - Level 2.4 Dodging


You had 5 spell levels left.
You didn't know any spells.
Your spell library was empty.

Dungeon Overview and Level Annotations

Branches:
Dungeon (3/15)

Altars:
Cheibriados
Makhleb


Innate Abilities, Weirdness & Mutations

You are resistant to torment.
Your stone body is resilient. (AC +4)
You are immune to poison.
You resist negative energy. (rN+)
You are resistant to electric shocks. (rElec)
You can survive without breathing.
You are immune to petrification.
You are immune to rotting.
You are very agile. (Dex +4)
Your mind is acute. (Int +2)


Message History

You closely miss the ogre.
The ogre is severely wounded.
The ogre misses you.
You completely miss the ogre.
The ogre is heavily wounded.
The ogre barely misses you.
You hit the ogre.
The ogre is severely wounded.
The ogre hits you with a giant club!
You barely miss the ogre.
The ogre is severely wounded.
The ogre hits you with a giant club!
You hit the ogre.
The ogre is almost dead.
The ogre closely misses you.
You hit the ogre but do no damage.
The ogre is almost dead.
The ogre hits you with a giant club!!
Ouch! That really hurt!
You die...

################
#..............#
#..............+
#..............#
######..............#
...>................#
#########.######.##.#
#.# #@# #.# #O# #.#
#....# #.# #.##.# ...
... .. ... #.# ## ...
#.# #.#


You could see an ogre.

Vanquished Creatures
  A scorpion (D:2)
  A howler monkey (D:3)
  3 orc wizards (D:3)
  Robin (D:2)
  7 adders
  A worm (D:2)
  A dart slug (D:3)
  2 orcs (D:3)
  4 giant cockroaches
  8 hobgoblins
  3 jackals (D:1)
  2 quokkas (D:3)
  6 bats
  3 frilled lizards
  12 goblins
  6 kobolds
  13 rats
74 creatures vanquished.

Notes
Turn   | Place    | Note
-------+----------+-------------------------------------------
     0 | D:1      | digijack the Gargoyle Gladiator began the quest for the Orb.
     0 | D:1      | Reached XP level 1. HP: 12/12 MP: 1/1
   293 | D:1      | Reached XP level 2. HP: 16/18 MP: 2/2
   334 | D:1      | Reached skill level 1 in Armour
   731 | D:2      | Reached XP level 3. HP: 22/22 MP: 3/3
   999 | D:2      | Found a burning altar of Makhleb.
   999 | D:2      | Noticed a green death
  1002 | D:2      | Noticed an orange demon
  1002 | D:2      | Noticed a ynoxinul
  1237 | D:2      | Reached XP level 4. HP: 23/28 MP: 4/4
  1313 | D:2      | Noticed Robin
  1343 | D:2      | Killed Robin
  1563 | D:2      | Found a snail-covered altar of Cheibriados.
  1692 | D:2      | Reached XP level 5. HP: 19/33 MP: 5/5
  1820 | D:2      | Gained mutation: Your mind is acute. (Int +2) [potion of mutation]
  1820 | D:2      | Gained mutation: You are agile. (Dex +2) [potion of mutation]
  1820 | D:2      | Gained mutation: You are very agile. (Dex +4) [potion of mutation]
  2278 | D:3      | Reached XP level 6. HP: 21/38 MP: 6/6
  2899 | D:3      | Mangled by an ogre

Vault maps used:
D:1:      dpeg_arrival_more_subterranean_lakeside_camping
D:2:      makhleb_altar_promises_db, nicolae_overflow_crystal_walls,
          serial_co_window_serial, co_window_cross_1, co_window_paths_a,
          co_window_paths_b, co_window_paths_a, co_window_corner_a,
          co_window_paths_c, co_window_corner_cb, co_window_broadway_a,
          co_window_corner_b, co_window_broadway_c, co_window_2corner,
          first_ration, uniq_robin

Skill      XL: |  1  2  3  4  5 |
---------------+----------------+-----
Armour         | 1 2 3 |  3.7
Fighting       | 3 4 |  4.5
Maces & Flails | 4 |  4.7
Throwing       | |  1.7
Dodging        | |  2.4

Action                   |  1- 3 |  4- 6 || total
-------------------------+-------+-------++-------
Melee: Flail             |    77 |   187 ||   264
Throw: Throwing net      |       |     3 ||     3
       Stone             |       |     3 ||     3
  Use: Scroll            |     7 |     2 ||     9
       Potion            |     3 |     3 ||     6
 Stab: Sleeping          |       |     1 ||     1
  Eat: Chunk             |     1 |     6 ||     7
Armor: Leather armour    |    24 |    70 ||    94
Dodge: Dodged            |    57 |   118 ||   175

Table legend:
 A = Spawn XP
 B = Non-spawn XP
 C = Spawn XP percentage of total XP
 D = Spawn monster count
 E = Non-spawn monster count
 F = Spawn count percentage of total count
 G = Total turns spent on level
                    A         B        C        D         E        F      G
               +---------+---------+-------+---------+---------+-------+---------
         Total |       0 |     455 |   0.0 |       0 |      74 |   0.0 |  2899
               +---------+---------+-------+---------+---------+-------+---------
           D:1 |       0 |      23 |   0.0 |       0 |      15 |   0.0 |   648
           D:2 |       0 |     196 |   0.0 |       0 |      32 |   0.0 |  1449
           D:3 |       0 |     236 |   0.0 |       0 |      27 |   0.0 |   802
               +---------+---------+-------+---------+---------+-------+---------
